 Dungeon Crawl Stone Soup version 0.25-a0-42-g6c54e25894 (webtiles) character file.

Game seed: 5071208240075309821, levelgen mode: deterministic

851 Chiseanne the Skirmisher (level 7, -6/55 HPs)
             Began as a Demonspawn Wanderer on Oct 22, 2019.
             Mangled by a troll (10 damage)
             ... on level 8 of the Dungeon.
             The game lasted 00:15:23 (5810 turns).

Chiseanne the Skirmisher (Demonspawn Wanderer)      Turns: 5810, Time: 00:15:24

Health: -6/55      AC:  6    Str: 12    XL:     7   Next: 69%
Magic:  0/12       EV: 13    Int: 20    God:
Gold:   308        SH:  5    Dex: 11    Spells: 4/13 levels left

rFire    . . .     SeeInvis .   a - +3 dagger
rCold    + . .     Gourm    .   j - +1 buckler
rNeg     + . .     Faith    .   e - +0 robe
rPois    .         Spirit   +   (no helmet)
rElec    .         Reflect  .   (no cloak)
rCorr    .         Harm     .   (no gloves)
MR       .....                  m - +1 pair of boots
Stlth    ++........             (no amulet)
HPRegen  0.18/turn              r - ring of positive energy
MPRegen  0.26/turn              q - +3 ring of intelligence

@: very slightly contaminated
A: hooves 1, icy blue scales 1, cold resistance 1, magic shield, magic
regeneration
a: no special abilities


You were on level 8 of the Dungeon.
You were not hungry.

You visited 1 branch of the dungeon, and saw 8 of its levels.

You collected 308 gold pieces.

Inventory:

Hand Weapons
 a - a +3 dagger (weapon)
Missiles
 b - 24 arrows
 d - 7 curare-tipped darts (quivered)
 g - 137 stones
 s - 19 bolts
 t - 23 sling bullets
 u - 3 poisoned darts
Armour
 e - a +0 robe (worn)
 j - a +1 buckler (worn)
 m - a +1 pair of boots (worn)
Jewellery
 q - a +3 ring of intelligence (right hand)
 r - a ring of positive energy (left hand)
Scrolls
 c - 5 scrolls of remove curse
Potions
 h - a potion of curing
 i - 3 potions of lignification
Comestibles
 f - 6 rations


   Skills:
 * Level 4.6 Fighting
   Level 1.7 Long Blades
   Level 1.0 Staves
 - Level 1.0 Throwing
 * Level 3.9 Dodging
 - Level 2.6 Stealth
 * Level 3.8 Shields
 * Level 3.6 Spellcasting


You had 4 spell levels left.
You knew the following spells:

 Your Spells              Type           Power        Failure   Level  Hunger
a - Magic Dart            Conj           #...         14%         1    None
b - Blink                 Tloc           N/A          21%         2    ##.....
c - Conjure Flame         Conj/Fire      #.......     38%         3    ###....
d - Mephitic Cloud        Conj/Pois/Air  #.......     38%         3    ###....

Your spell library contained the following spells:

 Spells                   Type           Power        Failure   Level  Hunger
 Call Imp                 Summ           #.......     21%         2    ##.....
 Slow                     Hex            #.......     21%         2    ##.....


Dungeon Overview and Level Annotations

Branches:
Dungeon (8/15)
 Temple: D:4-7         Lair: D:8-11

Altars:
Uskayaw
Wu Jian
The Shining One

Annotations:
D:7 exclusion: phantom


Innate Abilities, Weirdness & Mutations

You have large cloven feet.
You are partially covered in icy blue scales. (AC +2)
Your flesh is cold resistant. (rC+)
When hurt, damage is shared between your health and your magic reserves.
You regenerate magic rapidly.


Message History

Confirm with . or Enter, or press ? or * to list all spells.
You don't have enough magic to cast that spell.
You aren't carrying any items that you can evoke.
Unknown command.
As you read the scroll of fear, it crumbles to dust.
You assume a fearsome visage.
The troll looks frightened!
The troll is engulfed in blazing flames.
The troll attempts to regain its composure.
The troll seems to regain its courage.
The troll bites you!
* * * LOW HITPOINT WARNING * * *
The troll barely misses you. You block the troll's attack.
Casting: Mephitic Cloud (slightly dangerous; 38% risk of failure)
Confirm with . or Enter, or press ? or * to list all spells.
You blink.
Casting: Blink (safe; 21% risk of failure)
Confirm with . or Enter, or press ? or * to list all spells.
You don't have enough magic to cast that spell.
The troll completely misses you. The troll misses you. The troll claws you!
You die...

## ### #.#
##.# #.##
###.##
#..####..##
##......##
#.....@##
###....T..#
##.........#
#.....###...#
#......####..#
#.....<.# #..#
#.......##
##.#
##........# ##
##.........#


You could see a troll.

Vanquished Creatures
  2 ogres
  3 bullfrogs
  3 hounds
  3 bullfrog skeletons
  An iguana (D:8)
  A worker ant (D:4)
  2 hound zombies
  3 gnolls (D:6)
  5 adders
  An ooze (D:3)
  An adder zombie (D:2)
  3 dart slugs
  3 leopard geckos
  5 orcs (D:3)
  2 ball pythons (D:2)
  5 giant cockroaches
  7 goblins
  6 hobgoblins
  18 jackals
  6 kobolds
  4 quokkas (D:2)
  9 bats
  A frilled lizard (D:1)
  8 rats
102 creatures vanquished.

Vanquished Creatures (others)
  A bullfrog (D:7)
1 creature vanquished.

Grand Total: 103 creatures vanquished

Notes
Turn   | Place    | Note
-------+----------+-------------------------------------------
     0 | D:1      | Chiseanne the Demonspawn Wanderer began the quest for the
                  | Orb.
     0 | D:1      | Chiseanne set off with the following items: a +2 dagger, a
                  | potion of heal wounds, a +0 short sword, a +0 falchion, a
                  | +0 robe, a ration
     0 | D:1      | Reached XP level 1. HP: 15/15 MP: 1/1
   172 | D:1      | Gained mutation: When hurt, damage is shared between your
                  | health and your magic reserves. [demonic ancestry]
   172 | D:1      | Reached XP level 2. HP: 22/22 MP: 2/2
   220 | D:1      | Reached skill level 2 in Fighting
   773 | D:1      | Gained mutation: You are partially covered in icy blue
                  | scales. (AC +2) [demonic ancestry]
   773 | D:1      | Reached XP level 3. HP: 22/27 MP: 1/3
  1404 | D:2      | Reached skill level 1 in Spellcasting
  1411 | D:2      | Gained mutation: You regenerate magic rapidly. [demonic
                  | ancestry]
  1411 | D:2      | Reached XP level 4. HP: 23/34 MP: 2/5
  1878 | D:2      | Found a hide-covered altar of Uskayaw.
  2301 | D:3      | Reached XP level 5. HP: 32/40 MP: 4/7
  2438 | D:3      | Reached skill level 3 in Fighting
  2843 | D:3      | Learned a level 1 spell: Magic Dart
  3451 | D:4      | Found a glowing golden altar of the Shining One.
  3600 | D:4      | Gained mutation: Your flesh is cold resistant. (rC+)
                  | [demonic ancestry]
  3600 | D:4      | Reached XP level 6. HP: 31/47 MP: 6/9
  4192 | D:5      | Entered Level 5 of the Dungeon
  4282 | D:5      | Learned a level 2 spell: Blink
  4286 | D:5      | Learned a level 3 spell: Conjure Flame
  4290 | D:5      | Learned a level 3 spell: Mephitic Cloud
  4303 | D:5      | Reached skill level 4 in Fighting
  4303 | D:5      | Gained mutation: You have large cloven feet. [demonic
                  | ancestry]
  4303 | D:5      | Reached XP level 7. HP: 54/54 MP: 11/11
  5731 | D:8      | Noticed a troll
  5756 | D:8      | Found an ornate altar of the Wu Jian Council.
  5810 | D:8      | Mangled by a troll

Levels and vault maps discovered:
D:1:      dpeg_arrival_ternary, layout_basic, chequers_mini_garden, hex_medium
D:2:      layout_loops_ring, lemuel_crystal_altar, first_ration
D:3:      layout_rooms, minmay_misc_feat_iff
D:4:      layout_loops_cross, nicolae_overflow_crystal_walls
D:5:      layout_loops_ring, serial_shops, shop, gammafunk_ghost_nasty_kobolds,
          kennysheep_minor_cross, uniq_crazy_yiuf_cottage, uniq_grinder,
          uniq_blork_the_orc, uniq_pikel
D:6:      lemuel_ratsnest, layout_rooms
D:7:      layout_basic, kennysheep_mini, temple_green, minmay_hedge_maze,
          uniq_joseph
D:8:      minmay_razor_zed, layout_layer_cave, nicolae_overflow_hidden_temple,
          old_standard_altar, lair_entry_dummy, basic_altar,
          hangedman_little_slice_of_home, hangedman_decor_peaks_small,
          minmay_guarded_unrand_staff_of_olgreb, uniq_grum

Skill      XL: |  1  2  3  4  5  6 |
---------------+-------------------+-----
Fighting       | 2 3 4 |  4.6
Spellcasting   | 1 2 3 |  3.6
Dodging        | 2 3 |  3.9
Shields        | 2 3 |  3.8
Long Blades    | |  1.7
Staves         | |  1.0
Throwing       | |  1.0
Stealth        | |  2.6

Action                   |  1- 3 |  4- 6 |  7- 9 || total
-------------------------+-------+-------+-------++-------
Melee: Dagger            |   145 |   269 |   537 ||   951
Throw: Stone             |       |     1 |       ||     1
       Throwing net      |       |     2 |       ||     2
       Dart              |       |       |     1 ||     1
 Cast: Magic Dart        |       |     2 |   122 ||   124
       Mephitic Cloud    |       |       |     4 ||     4
       Blink             |       |       |     3 ||     3
       Conjure Flame     |       |       |     2 ||     2
  Use: Scroll            |       |    11 |     3 ||    14
       Potion            |       |     4 |     1 ||     5
 Stab: Sleeping          |     4 |    10 |       ||    14
       Distracted        |       |     1 |       ||     1
       Held in net/web   |       |     2 |       ||     2
       Confused          |       |       |     1 ||     1
  Eat: Chunk             |     2 |     9 |     3 ||    14
       Ration            |       |       |     2 ||     2
Armor: Robe              |    48 |    76 |   133 ||   257
Dodge: Dodged            |   124 |   132 |   309 ||   565
Block: Buckler           |    31 |    42 |   113 ||   186

Table legend:
 A = Non-vault XP
 B = Vault XP
 C = Vault XP percentage of total XP
 D = Non-vault monster count
 E = Vault monster count
 F = Vault count percentage of total count
                 A         B        C        D         E       F
            +---------+---------+-------+---------+---------+-------
      Total |    1216 |       0 |   0.0 |     103 |       0 |   0.0
            +---------+---------+-------+---------+---------+-------
        D:1 |      45 |       0 |   0.0 |      25 |       0 |   0.0
        D:2 |     103 |       0 |   0.0 |      34 |       0 |   0.0
        D:3 |     112 |       0 |   0.0 |      21 |       0 |   0.0
        D:4 |     362 |       0 |   0.0 |      10 |       0 |   0.0
        D:5 |     164 |       0 |   0.0 |       3 |       0 |   0.0
        D:6 |     182 |       0 |   0.0 |       5 |       0 |   0.0
        D:7 |     211 |       0 |   0.0 |       4 |       0 |   0.0
        D:8 |      37 |       0 |   0.0 |       1 |       0 |   0.0
            +---------+---------+-------+---------+---------+-------
